 Dungeon Crawl Stone Soup version 0.30-a0-1116-gebefce21f7 (webtiles) character file.

Game seed: 5106498106264066883

100 sircluck the Chopper (level 4, 0/40 HPs)
             Began as a Hill Orc Fighter on Apr 21, 2023.
             Slain by Ijyb
             ... wielding a +0 club
              (4 damage)
             ... on level 3 of the Dungeon.
             The game lasted 00:05:04 (2135 turns).

sircluck the Chopper (Hill Orc Fighter)             Turns: 2135, Time: 00:05:05

Health: 0/40       AC:  7    Str: 19 (20) XL:     4   Next: 74%
Magic:  4/4        EV:  9    Int:  5 (8)  God:
Gold:   87         SH:  4    Dex:  8 (10) Spells: 0/3 levels left

rFire   . . .      SeeInvis .    a - +0 war axe
rCold   . . .      Faith    .    c - +0 buckler
rNeg    . . .      Spirit   .    b - +0 scale mail
rPois   .          Reflect  .    (no helmet)
rElec   .          Rampage  .    (no cloak)
rCorr   .                        (no gloves)
Will    +....                    (no boots) Stlth
                                 (no amulet)
HPRegen 0.26/turn                j - ring of willpower
MPRegen 0.09/turn                (no ring)

@: no status effects
A: no striking features
a: no special abilities


You were on level 3 of the Dungeon.
You visited 1 branch of the dungeon, and saw 4 of its levels.

You collected 87 gold pieces.

Inventory:

Hand Weapons
 a - a +0 war axe (weapon)
Missiles
 g - 44 stones (quivered)
Armour
 b - a +0 scale mail (worn)
 c - a +0 buckler (worn)
Jewellery
 j - a ring of willpower (left hand)
Wands
 d - a wand of flame (3)
Scrolls
 e - a scroll of silence {unknown}
 f - 2 scrolls of identify {unknown}
 h - 2 scrolls of vulnerability {unknown}
 i - a scroll of acquirement {unknown}
 l - 3 scrolls of teleportation {unknown}
 n - a scroll of amnesia {unknown}
 p - a scroll of magic mapping {unknown}
 s - a scroll of brand weapon {unknown}
 t - a scroll of summoning {unknown}
Potions
 k - a potion of resistance {unknown}
 m - a potion of curing {unknown}
 o - a potion of degeneration
 q - a potion of magic {unknown}
 r - a potion of ambrosia {unknown}
 u - a potion of haste {unknown}


   Skills:
 + Level 4.1 Fighting
 + Level 4.4 Axes
 + Level 4.2 Armour
 + Level 0.1 Dodging
 + Level 3.8 Shields


You couldn't memorise any spells.
You knew the following spells:

 Your Spells              Type           Power      Damage    Failure   Level
a - Ignite Poison         Fire/Tmut/Pois 0%         N/A       99%         3

Your spell library contained the following spells:

 Spells                   Type           Power      Damage    Failure   Level
 Sticky Flame             Conj/Fire      0%         2d3       100%        4
 Ignition                 Fire           0%         3d3       100%        8


Dungeon Overview and Level Annotations

Branches:
Dungeon (4/15)
 Temple: D:4-7

Altars:

Annotations:
D:3 Ijyb


Message History

Ijyb screams, "Me stronger than you!" Ijyb barely misses you.
You barely miss Ijyb. Ijyb hits you with a +0 club.
You hit Ijyb.
Ijyb is lightly wounded.
Ijyb hits you with a +0 club. x2
You closely miss Ijyb.
Ijyb is lightly wounded.
Ijyb hits you with a +0 club.
You are too injured to fight recklessly!
You are too injured to fight recklessly!
You are too injured to fight recklessly!
You are too injured to fight recklessly!
You are too injured to fight recklessly!
You are too injured to fight recklessly!
You are too injured to fight recklessly!
You are too injured to fight recklessly!
You are too injured to fight recklessly!
You are too injured to fight recklessly!
You are too injured to fight recklessly!
You are too injured to fight recklessly!
You hit Ijyb but do no damage.
Ijyb is lightly wounded.
Ijyb hits you with a +0 club!
* * * LOW HITPOINT WARNING * * *
Aiming: Throw Flame
Press: ? - help, Q - select action, (/) - cycle Shift-Dir - straight line, f - Ijyb
Aim: Ijyb, wielding a +0 club, wearing a +0 scale mail and carrying a wand of flame (29) (lightly wounded, strong, 64% to hit)
The puff of flame hits Ijyb.
Ijyb is lightly wounded.
Ijyb hits you but does no damage.
You closely miss Ijyb.
Ijyb is lightly wounded.
Ijyb zaps a wand.
The puff of flame hits you.
* * * LOW HITPOINT WARNING * * *
It was a potion of degeneration.
There was something very wrong with that liquid.
You feel weakened.
You feel dopey.
You feel clumsy. Ijyb hits you with a +0 club.
You die...

### #.. . ##
#.########...>
#.##.....@gg...^.
#
#.#..#####...##.
####.###...# ##.#
#.......#..#
#.#####..#.##
#.....###
#......... #
#.....####
#.#####.#..##


You could see Ijyb (strong) and a hobgoblin.

Vanquished Creatures
  Terence (D:3)
  2 adders (D:2)
  2 worms (D:2)
  4 dart slugs
  6 ball pythons
  4 bats
  2 endoplasms (D:1)
  A giant cockroach (D:2)
  5 goblins
  A hobgoblin (D:2)
  3 quokkas
  A frilled lizard (D:3)
  8 kobolds
  3 rats
43 creatures vanquished.

Notes
Turn   | Place    | Note
-------+----------+-------------------------------------------
     0 | D:1      | sircluck the Hill Orc Fighter began the quest for the Orb.
     0 | D:1      | Reached XP level 1. HP: 19/19 MP: 1/1
   166 | D:1      | Reached XP level 2. HP: 24/27 MP: 2/2
   519 | D:1      | Reached XP level 3. HP: 33/33 MP: 3/3
  1248 | D:2      | Reached XP level 4. HP: 40/40 MP: 4/4
  1719 | D:2      | Learned a level 3 spell: Ignite Poison
  1928 | D:3      | Noticed Terence
  2044 | D:3      | Killed Terence
  2119 | D:3      | Noticed Ijyb
  2135 | D:3      | Slain by Ijyb

Illustrated notes

Levels and vault maps discovered:
D:1:      kilobyte_arrival_exit_the_forest, layout_loops_cross
D:2:      layout_loops_cross, hangedman_decor_growths
D:3:      layout_loops_ring, kennysheep_generic_room_5, uniq_terence,
          uniq_robin, uniq_ijyb
D:4:      layout_loops_ring, overflow_temple_1_default,
          minmay_temple_entry_offerings, st_stairs_7

Skill      XL: |  1  2  3  4 |
---------------+-------------+-----
Axes           | 3 4 |  4.4
Fighting       | 4 |  4.1
Armour         | 4 |  4.2
Dodging        | |  0.1
Shields        | |  3.8

Action                     |  1- 3 |  4- 6 || total
---------------------------+-------+-------++-------
  Melee: War axe           |    81 |    49 ||   130
   Cast: Ignite Poison     |       |     1 ||     1
  Evoke: Wand              |       |     1 ||     1
    Use: Potion            |       |     2 ||     2
 Armour: Scale mail        |    40 |    12 ||    52
  Dodge: Dodged            |    36 |    21 ||    57
  Block: Buckler           |    19 |     7 ||    26

Table legend: (Time is in decaauts)
 A = Elapsed time spent in this place.
 B = Non-inter-level travel time spent in this place.
 C = Inter-level travel time spent in this place.
 D = Time resting spent in this place.
 E = Time spent auto-exploring this place.
 F = Levels seen in this place.
 G = Mean time per level.
                   A        B        C        D        E       F      G
               +--------+--------+--------+--------+--------+-----+--------+
         Total |   2201 |   1874 |    327 |     95 |   1387 |   4 |  550.2 |
       Dungeon |   2201 |   1874 |    327 |     95 |   1387 |   4 |  550.2 |
               +--------+--------+--------+--------+--------+-----+--------+

Top non-repeatable levels by time:
     D:1: 1134 daAuts
     D:2: 792 daAuts
     D:3: 177 daAuts
     D:4: 96 daAuts
